nht, chaotic female elven Wizard --------- ------- ##.......$| |......d@ ---------- # |.......| |.(... # |.........# ### ---.----- |... # |..----..|# # # |. # |..| |..|# ### ### | # |..----..|### # # # ### |........|### .- ### ### # --.---.---# # --.. --# # ### ## ## ##-.- -.|# ### # # |.| |.|# # # ### ### |.| |.|# ### # # |.----..# --.-.------- ### ## --....-- |.....<....+ # -------.-- ------ |........*.| ##.........| |....$.....| |........| ------------ |........| ---------- nht the Conjurer Experience level: 4 Strength: 10 Dexterity: 14 Constitution: 16 Intelligence: 15 Wisdom: 10 Charisma: 10 Health: 0(27) Energy: 35(35) Def: 1 Gold: 791 Moves: 1041 Dungeon seed: 4mYI_bViMrexiieT Game ID: nht_1432061939 Your Inventory: Coins $ - 791 gold pieces Weapons a - a blessed +1 quarterstaff (weapon in hands) Armor e - an uncursed +0 cloak of magic resistance (being worn) Comestibles E - 2 uncursed food rations Scrolls i - an uncursed scroll of create monster j - an uncursed scroll of enchant weapon k - an uncursed scroll of teleportation t - an uncursed scroll of magic mapping y - an uncursed scroll of remove curse J - an uncursed scroll of food detection K - an uncursed scroll of stinking cloud N - 2 uncursed scrolls of earth Spellbooks H - a blessed spellbook of blank paper Potions B - an uncursed potion of fruit juice D - an uncursed potion of full healing G - an uncursed potion of blindness I - an uncursed potion of healing L - an uncursed potion of gain energy Rings c - a blessed +1 ring of gain constitution d - an uncursed ring of cold resistance O - an uncursed ring of poison resistance Wands b - a wand of striking (0:5) q - a wand of death (0:6) C - a blessed wand of undead turning (0:4) M - a wand of undead turning (0:6) Tools o - a magic marker (0:72) p - an uncursed wooden harp v - an uncursed skeleton key z - a can of grease (0:8) Gems n - an uncursed worthless piece of black glass r - an uncursed worthless piece of yellow glass Spells known in the end: Name Level Category Fail Memory a - force bolt 1 attack 0% 95% b - magic missile 2 attack 0% 95% c - healing 1 healing 0% 95% d - detect monsters 1 divination 0% 97% Your skills at the end: Fighting Skills Weapon Skills quarterstaff [Basic] Spellcasting Skills attack spells [Basic] enchantment spells [Basic] Final Attributes: You were piously aligned. You were sleep resistant. You were magic-protected. You saw invisible. You were telepathic. You had infravision. You were unlucky. You are dead. Vanquished creatures: an orc shaman a shrieker a straw golem a floating eye a wererat 2 iguanas 2 acid blobs a large kobold a cave spider a goblin a bat a newt 14 creatures vanquished. Voluntary challenges: You used a wielded weapon 33 times, starting on turn 10. You read items or engraved 10 times, starting on turn 19. You never genocided any monsters. You never polymorphed an object. You never changed form. You used no wishes. You never split a pudding. You wrote Elbereth's name 3 times, starting on turn 269. You never violated your personal moral code. You disabled loading bones files. Dungeon overview: The Dungeons of Doom: levels 1 to 8 Level 1 a long staircase Level 2 a general store Level 3 Level 4 a fountain Level 5 Level 6 Level 7 an altar to Thoth, a fountain stairs to Sokoban Level 8 <- You were here Sokoban: Level 6 stairs to The Dungeons of Doom History has recorded: On T:1 you entered the Dungeons of Doom to retrieve the Amulet of Yendor! On T:15 you reached level 2 of The Dungeons of Doom. On T:86 you reached level 3 of The Dungeons of Doom. On T:208 you reached level 4 of The Dungeons of Doom. On T:223 you advanced to experience level 2. On T:393 you reached level 5 of The Dungeons of Doom. On T:484 you reached level 6 of The Dungeons of Doom. On T:505 you reached level 7 of The Dungeons of Doom. On T:538 you advanced to experience level 3. On T:541 you reached level 4 of Sokoban. On T:852 you advanced to experience level 4. On T:923 you reached level 8 of The Dungeons of Doom. Score breakdown: Gold: 791 ( 9860 points) Experience: 4 levels ( 9649 points) Exploration: 8 levels ( 17.02%) (11702 points) Discoveries: 1 item ( 0.36%) ( 1802 points) Valuables value: (no points given unless you survive) Artifact value: 0 ( 0 points) Variety of kills: 12 monsters ( 3.17%) ( 5338 points) Time penalty: 1041 turns ( 0 points) Survival: died (score multiplied by 80%) Total score: 30680 Latest messages: K - an uncursed scroll labeled TEMOV. t - an uncursed scroll labeled VERR YED HORRE. G - an uncursed cyan potion. D - an uncursed effervescent potion. B - an uncursed potion of fruit juice. L - an uncursed sky blue potion. I - an uncursed swirly potion. O - an uncursed wire ring. C - a blessed wand called brass nomsg. M - an uncursed wand called brass nomsg. q - an uncursed wand called maple stop. z - an uncursed can of grease. v - an uncursed key. n - an uncursed black gem. r - an uncursed yellow gem. You hit the little dog! The little dog bites! You die... Final status: Goodbye nht the Wizard, killed by a little dog... You died in The Dungeons of Doom on dungeon level 8 with 30680 points, and 791 pieces of gold, after 1041 moves. You were level 4 with a maximum of 27 hit points when you died.